 Dungeon Crawl Stone Soup version 0.28-a0-631-g0446da8ef9 (webtiles) character file.

Game seed: 1586766956512355020

159740 helsbecter the Executioner (level 17, -1/249 HPs)
             Began as a Minotaur Berserker on Oct 10, 2021.
             Was the Champion of Trog.
             Slain by an emperor scorpion (11 damage)
             ... on level 4 of the Spider Nest.
             The game lasted 01:15:45 (28391 turns).

helsbecter the Executioner (Minotaur Berserker)    Turns: 28391, Time: 01:15:45

Health: -1/249     AC: 30    Str: 26    XL:     17   Next: 16%
Magic:  16/16      EV:  9    Int:  5    God:    Trog [******]
Gold:   2707       SH: 12    Dex: 12    Spells: 16/16 levels left

rFire   . . .      SeeInvis .   C - +5 broad axe "Omihu" {vorpal, Will++}
rCold   . . .      Faith    .   o - +0 kite shield
rNeg    . . .      Spirit   .   z - +0 crystal plate armour
rPois   +          Reflect  .   (helmet restricted)
rElec   .          Harm     .   (no cloak)
rCorr   .          Rampage  .   (no gloves)
Will    +++..                   l - +2 pair of boots {Stlth+}
Stlth   ..........              d - amulet of regeneration
HPRegen 1.51/turn               M - ring of poison resistance
MPRegen 0.15/turn               B - +4 ring of slaying

@: berserking, very quick
A: horns 2, retaliatory headbutt
a: Renounce Religion, Berserk, Trog's Hand, Brothers in Arms


You were on level 4 of the Spider Nest.
You worshipped Trog.
Trog was exalted by your worship.
You visited 4 branches of the dungeon, and saw 27 of its levels.
You also visited: Bailey.

You collected 3220 gold pieces.
You spent 513 gold pieces at shops.

Inventory:

Hand Weapons
 x - a +2 vampiric hand axe
 C - the +5 broad axe "Omihu" (weapon) {vorpal, Will++}
   (Trog gifted it to you on level 2 of the Lair of Beasts)

   It inflicts extra damage upon your enemies.
   Will:      It greatly increases your willpower.
 E - a +4 antimagic broad axe
 S - a +0 broad axe of freezing
 V - a +7 battleaxe
Missiles
 m - 3 throwing nets (quivered)
Armour
 l - a +2 pair of boots of stealth (worn)
 o - a +0 kite shield (worn)
 z - a +0 crystal plate armour (worn)
Jewellery
 d - an amulet of regeneration (around neck)
 k - a ring of willpower
 u - a +6 ring of intelligence
 y - a +4 ring of protection
 B - a +4 ring of slaying (right hand)
 M - a ring of poison resistance (left hand)
 R - an amulet of reflection
 X - a ring of resist corrosion
Wands
 a - a wand of flame (127)
 A - a wand of iceblast (46)
 D - a wand of polymorph (17)
 F - a wand of mindburst (24)
 K - a wand of acid (12)
 Q - a wand of paralysis (20)
 T - a wand of digging (10)
Scrolls
 c - 9 scrolls of blinking
 g - 9 scrolls of teleportation
 i - 7 scrolls of vulnerability
 q - 3 scrolls of brand weapon
 r - 9 scrolls of enchant weapon
 s - 5 scrolls of immolation
 w - 4 scrolls of fear
 G - 5 scrolls of enchant armour
 L - 4 scrolls of magic mapping
 W - 3 scrolls of identify
 Y - 6 scrolls of summoning
 Z - 2 scrolls of fog
Potions
 b - 4 potions of flight
 e - 7 potions of curing
 f - 7 potions of heal wounds
 j - 4 potions of lignification
 n - 8 potions of haste
 p - 5 potions of resistance
 t - 3 potions of cancellation
 v - a potion of invisibility
 H - 4 potions of attraction
 I - 7 potions of mutation
 J - 8 potions of might
 N - 2 potions of experience
 O - 2 potions of magic
Miscellaneous
 U - a piece from Xom's chessboard (15/15)


   Skills:
 + Level 18.6 Fighting
 + Level 21.3 Axes
 + Level 19.3 Armour
 - Level 8.0 Dodging
 - Level 14.0 Shields


You had 16 spell levels left.
You didn't know any spells.
Your spell library was empty.

Dungeon Overview and Level Annotations

Branches:
Dungeon (15/15)            Temple (0/1) D:5            Lair (6/6) D:8
 Shoals (0/4) Lair:3       Spider (4/4) Lair:3        Slime (0/5) Lair:6
    Orc (2/2) D:10            Elf (0/3) Orc:2        Vaults (0/5) D:13
 Depths (0/4) D:15         Bailey (visited)

Altars:
Fedhas
Kikubaaqudgha
Nemelex Xobeh
Okawaru
Vehumet
Beogh

Shops:
D:3 !   D:8 :   D:10 *   Orc:2 !!=(!

Portals:
Trove: D:14 (give +2 storm dragon scales)

Annotations:
Lair:1 exclusion: oklob plant


Innate Abilities, Weirdness & Mutations

You have a pair of horns on your head.
You reflexively headbutt those who attack you in melee.


Message History

The emperor scorpion is lightly wounded.
The emperor scorpion closely misses you.
You furiously retaliate!
You headbutt the emperor scorpion, but do no damage.
You block the emperor scorpion's attack.
The emperor scorpion closely misses you.
You closely miss the emperor scorpion.
The emperor scorpion is lightly wounded.
You block the emperor scorpion's attack.
The emperor scorpion barely misses you.
The emperor scorpion completely misses you.
You hit the emperor scorpion but do no damage.
Your headbutt misses the emperor scorpion.
The emperor scorpion is lightly wounded.
The emperor scorpion stings you!!
* * * LOW HITPOINT WARNING * * *
The emperor scorpion claws you but does no damage.
You block the emperor scorpion's attack.
You completely miss the emperor scorpion.
Your headbutt misses the emperor scorpion.
The emperor scorpion is lightly wounded.
You barely miss the emperor scorpion.
Your headbutt misses the emperor scorpion.
The emperor scorpion is lightly wounded.
The emperor scorpion stings you but does no damage.
You block the emperor scorpion's attack.
The emperor scorpion claws you!
* * * LOW HITPOINT WARNING * * *
You hit the emperor scorpion.
The emperor scorpion is lightly wounded.
The emperor scorpion stings you!!
* * * LOW HITPOINT WARNING * * *
You block the emperor scorpion's attack.
The emperor scorpion claws you.
* * * LOW HITPOINT WARNING * * *
You slice the emperor scorpion!!
The emperor scorpion is moderately wounded.
You block the emperor scorpion's attack.
The emperor scorpion claws you!
You die...

#.....## #.##...#
#.....^# #..^#s##
##....^# #...#y#
#.###### ##..#.# #...
#....# #.##.# #....
#....#### ####.# ..^.#
#.....#.### ##.##...##
###.......###^..#^...#.
##......@.##s.^'......
##.##.##s####s..'......
#..#.####.y†ws..†......
#...## #####$..#...^#.
#.### #...## ..## ###
#...# y.# ###.# ... #.#
.. #.# .


You could see an emperor scorpion (berserk).

Vanquished Creatures
  Bai Suzhen (Spider:3)
  Arachne (Spider:2)
  Frances (Spider:2)
  Agnes (Spider:2)
  A ghost moth (Spider:3)
  3 emperor scorpions
  The ghost of pokeman the Sorcerer, an adept DEWz of Vehumet (Spider:2)
  An ironbound preserver (D:13)
  The ghost of Juguodwi the Fighter, a journeyman MiBe of Trog (D:13)
  5 entropy weavers
  3 spark wasps
  2 fire dragons
  Harold (D:8)
  An ice dragon (Lair:6)
  2 rakshasas (D:15)
  3 ogre magi (Orc:2)
  A vault guard (D:14)
  Erolcha (Orc:2)
  14 hydras
  4 boulder beetles
  A death knight (D:15)
  4 centaur warriors
  A catoblepas (Lair:5)
  A two-headed ogre (D:9)
  4 tengu warriors
  Urug (Lair:3)
  Nergalle (Lair:4)
  13 skeletal warriors
  A swamp dragon (Lair:6)
  A deep troll (shapeshifter) (D:15)
  A glowing orange brain (D:15)
  A phantasmal warrior (D:15)
  2 lindwurms (Lair:6)
  5 orc knights
  3 deep elf pyromancers
  24 wolf spiders
  A harpy (shapeshifter) (D:13)
  14 orb spiders
  11 ugly things
  4 moths of wrath
  8 orc sorcerers (Orc:2)
  6 cyclopes
  8 black mambas
  7 manticores
  16 elephants
  An unseen horror (D:12)
  10 torpor snails
  15 cane toads
  Maggie (D:7)
  2 kobold demonologists (D:10)
  11 demonic crawlers
  A tengu conjurer (D:15)
  3 efreet
  3 rime drakes
  2 freezing wraiths (D:15)
  7 komodo dragons
  5 trolls
  20 jumping spiders
  2 polar bears
  13 slime creatures
  3 tyrant leeches (Lair:6)
  13 hornets
  A wind drake (Lair:3)
  16 blink frogs
  49 redbacks
  A shadow (D:12)
  4 wyverns
  A vampire (D:13)
  7 wraiths
  18 tarantellas
  7 basilisks
  55 yaks
  3 vampire mosquitoes (D:12)
  Menkaure (D:6)
  3 steam dragons
  3 swamp worms (Lair:5)
  2 wargs (Orc:2)
  Edmund (D:6)
  4 acid dragons
  19 water moccasins
  22 orc warriors
  A swamp drake (Lair:6)
  2 black bears
  3 sky beasts
  A necrophage (D:5)
  5 wolves
  12 ogres
  10 centaurs
  A phantom (D:5)
  2 kobold brigands
  15 bullfrogs
  A scorpion (D:5)
  2 gnoll sergeants
  4 killer bees (D:9)
  3 electric eels
  A bullfrog zombie (D:5)
  4 centaur zombies
  A centaur skeleton (D:5)
  15 orc priests
  2 hounds
  4 jellies
  4 iguanas
  37 orc wizards
  A hell rat (Lair:2)
  2 howler monkey zombies (D:8)
  7 gnolls
  2 howler monkey skeletons
  4 adders
  2 white imps (D:6)
  3 ufetubi
  A worm (D:2)
  2 dart slugs
  127 orcs
  3 endoplasms
  10 goblins
  2 hobgoblins (D:4)
  10 jackals
  5 quokkas
  3 ball pythons
  8 bats
  3 frilled lizards
  12 kobolds
  3 rats
856 creatures vanquished.

Vanquished Creatures (collateral kills)
  A deep elf annihilator (D:13)
  A hydra (D:13)
  A boulder beetle (D:13)
  2 orb spiders (Spider:2)
5 creatures vanquished.

Vanquished Creatures (others)
  A spark wasp (Spider:4)
  A redback (Spider:4)
  An orc warrior (D:9)
  An iguana (Lair:6)
  An orc wizard (Orc:2)
  An orc (D:9)
  A bush (Lair:1)
  17 fungi
  102 plants
126 creatures vanquished.

Grand Total: 987 creatures vanquished

Notes
Turn   | Place    | Note
-------+----------+-------------------------------------------
     0 | D:1      | helsbecter the Minotaur Berserker began the quest for the
                  | Orb.
     0 | D:1      | Reached XP level 1. HP: 19/19 MP: 0/0
    81 | D:1      | Reached skill level 4 in Axes
   179 | D:1      | Reached XP level 2. HP: 12/26 MP: 1/1
  1196 | D:2      | Found a blossoming altar of Fedhas.
  1232 | D:2      | Reached skill level 5 in Axes
  1262 | D:2      | Reached XP level 3. HP: 27/31 MP: 2/2
  1386 | D:2      | Reached ** piety under Trog
  1438 | D:2      | Reached skill level 6 in Axes
  1438 | D:2      | Reached XP level 4. HP: 6/39 MP: 3/3
  2348 | D:3      | Found a faded altar of an unknown god.
  2357 | D:3      | Found Qufun Hadora's Distillery.
  2371 | D:3      | Bought a potion of curing for 33 gold pieces
  3145 | D:4      | Reached skill level 7 in Axes
  3145 | D:4      | Reached XP level 5. HP: 28/45 MP: 1/4
  3657 | D:4      | Noticed an orc warrior
  3661 | D:4      | Reached *** piety under Trog
  3668 | D:4      | Killed an orc warrior
  3669 | D:4      | Reached skill level 8 in Axes
  3669 | D:4      | Reached XP level 6. HP: 51/51 MP: 2/5
  4567 | D:5      | Entered Level 5 of the Dungeon
  4695 | D:5      | Reached skill level 9 in Axes
  4781 | D:5      | Reached skill level 1 in Shields
  4812 | D:5      | Reached XP level 7. HP: 53/57 MP: 6/6
  4854 | D:5      | Found a staircase to the Ecumenical Temple.
  5228 | D:5      | Reached skill level 10 in Axes
  5707 | D:6      | Noticed Menkaure
  5714 | D:6      | Killed Menkaure
  5715 | D:6      | Reached XP level 8. HP: 64/64 MP: 5/7
  5860 | D:6      | Noticed Edmund
  5874 | D:6      | Killed Edmund
  5989 | D:6      | Reached skill level 11 in Axes
  6011 | D:6      | Reached skill level 5 in Shields
  6527 | D:3      | Bought a potion of cancellation for 88 gold pieces
  6527 | D:3      | Bought a potion of attraction for 33 gold pieces
  6527 | D:3      | Bought a potion of flight for 33 gold pieces
  6527 | D:3      | Bought a potion of mutation for 88 gold pieces
  6527 | D:3      | Bought a potion of might for 44 gold pieces
  6783 | D:7      | Reached skill level 5 in Armour
  6806 | D:7      | Noticed Maggie
  6821 | D:7      | Killed Maggie
  6822 | D:7      | Reached XP level 9. HP: 40/70 MP: 4/8
  7462 | D:8      | Reached **** piety under Trog
  7473 | D:8      | Reached skill level 12 in Axes
  7711 | D:8      | Noticed Harold
  7721 | D:8      | Killed Harold
  7722 | D:8      | Reached skill level 5 in Fighting
  8117 | D:8      | Found a staircase to the Lair.
  8233 | D:8      | Found Fonyac's Self-Improvement Boutique.
  8282 | Lair:1   | Entered Level 1 of the Lair of Beasts
  8282 | Lair:1   | Noticed a five-headed hydra
  8291 | Lair:1   | Noticed a five-headed hydra
  8305 | D:8      | Killed a 14-headed hydra
  8306 | D:8      | Reached skill level 13 in Axes
  8306 | D:8      | Reached XP level 10. HP: 64/84 MP: 3/9
  8385 | Lair:1   | Killed a 17-headed hydra
  8406 | Lair:1   | Noticed a cane toad
  8414 | Lair:1   | Killed a cane toad
  8480 | Lair:1   | Noticed an oklob plant
  8480 | Lair:1   | Found the +2 robe of Vines {NoPotionHeal Regen+++}
  8622 | Lair:1   | Noticed a black mamba
  8631 | Lair:1   | Reached ***** piety under Trog
  8637 | Lair:1   | Killed a black mamba
  8639 | Lair:1   | Reached skill level 14 in Axes
  8809 | Lair:1   | Reached skill level 10 in Armour
  8809 | Lair:1   | Noticed an eight-headed hydra
  8815 | Lair:1   | Noticed a four-headed hydra
  8827 | Lair:1   | Killed a ten-headed hydra
  8836 | Lair:1   | Killed a 15-headed hydra
  8837 | Lair:1   | Reached XP level 11. HP: 97/97 MP: 8/10
  9611 | Lair:2   | Noticed a five-headed hydra
  9622 | Lair:2   | Killed an 11-headed hydra
  9623 | Lair:2   | Reached skill level 10 in Fighting
  9623 | Lair:2   | Reached skill level 15 in Axes
  9726 | Lair:2   | Noticed a five-headed hydra
  9735 | Lair:2   | Killed a 12-headed hydra
  9782 | Lair:2   | Noticed a four-headed hydra
  9783 | Lair:2   | Noticed a four-headed hydra
  9792 | Lair:2   | Killed an 11-headed hydra
  9800 | Lair:2   | Killed a ten-headed hydra
 10013 | Lair:2   | Reached XP level 12. HP: 98/110 MP: 8/11
 10024 | Lair:2   | Noticed a six-headed hydra
 10044 | Lair:2   | Killed a 15-headed hydra
 10999 | Lair:2   | Reached skill level 16 in Axes
 11654 | Lair:2   | Identified the +5 broad axe "Omihu" {vorpal, Will++} (Trog
                  | gifted it to you on level 2 of the Lair of Beasts)
 11654 | Lair:2   | Received a gift from Trog
 11965 | Lair:3   | Noticed Urug
 12305 | Lair:3   | Killed Urug
 12793 | Lair:3   | Found a staircase to the Shoals.
 12942 | Lair:3   | Found a hole to the Spider Nest.
 12945 | Lair:3   | Reached XP level 13. HP: 119/119 MP: 12/12
 13540 | Lair:4   | Reached skill level 10 in Shields
 13545 | Lair:4   | Reached skill level 17 in Axes
 13753 | Lair:4   | You fall into a shaft and drop 2 floors!
 13753 | Lair:6   | Entered Level 6 of the Lair of Beasts
 13836 | Lair:4   | Noticed Nergalle
 13850 | Lair:4   | Killed Nergalle
 15306 | Lair:6   | Received a gift from Trog
 15454 | Lair:6   | Found a staircase to the Slime Pits.
 15488 | Lair:6   | Reached skill level 5 in Dodging
 15529 | Lair:6   | Reached XP level 14. HP: 132/132 MP: 13/13
 15705 | Lair:6   | Found a runed translucent door.
 15793 | Lair:6   | Reached skill level 15 in Armour
 15843 | Lair:6   | Paralysed by a hornet for 3 turns
 16552 | D:9      | Reached skill level 18 in Axes
 16556 | D:9      | Found an iron altar of Okawaru.
 16947 | D:9      | Received a gift from Trog
 17110 | D:10     | Entered Level 10 of the Dungeon
 17572 | D:10     | Found Plog's General Store.
 17575 | D:10     | Bought a scroll of enchant armour for 97 gold pieces
 17575 | D:10     | Bought a scroll of blinking for 97 gold pieces
 17639 | D:10     | Found a staircase to the Orcish Mines.
 18445 | D:11     | You fall into a shaft and drop 2 floors!
 19525 | D:12     | Reached ****** piety under Trog
 19911 | D:13     | Found a transporter.
 19944 | D:13     | Received a gift from Trog
 19982 | D:13     | Noticed Juguodwi's ghost (journeyman MiBe)
 19985 | D:13     | Found a transporter.
 20104 | D:13     | Found a gate to the Vaults.
 20104 | D:13     | Noticed an ironbound preserver
 20116 | D:13     | Killed an ironbound preserver
 20129 | D:13     | Reached skill level 15 in Fighting
 20420 | D:13     | Killed Juguodwi's ghost
 20423 | D:13     | Reached XP level 15. HP: 141/141 MP: 14/14
 20439 | D:13     | Identified a scroll of acquirement
 20679 | D:14     | Found a portal to a secret trove of treasure.
 20891 | D:14     | Acquired a +2 pair of boots of stealth
 21090 | D:15     | Entered Level 15 of the Dungeon
 21267 | D:15     | Reached skill level 19 in Axes
 21496 | D:15     | Found a sparkling altar of Nemelex Xobeh.
 22117 | D:15     | Found a staircase to the Depths.
 22528 | Orc:1    | Entered Level 1 of the Orcish Mines
 22785 | Orc:1    | Found a flagged portal.
 22790 | Bailey   | Entered a bailey
 22853 | Bailey   | Received a gift from Trog
 23145 | Orc:2    | Entered Level 2 of the Orcish Mines
 23246 | Orc:2    | Found a staircase to the Elven Halls.
 23393 | Orc:2    | Found Cuhecuz's Distillery.
 23753 | Orc:2    | Found Edut's Distillery.
 23754 | Orc:2    | Received a gift from Trog
 23831 | Orc:2    | Found a radiant altar of Vehumet.
 23831 | Orc:2    | Noticed Erolcha
 23848 | Orc:2    | Killed Erolcha
 23873 | Orc:2    | Found Nousoxex's Antique Weapon Shoppe.
 23898 | Orc:2    | Reached XP level 16. HP: 152/152 MP: 15/15
 23903 | Orc:2    | Found Usiet's Jewellery Shoppe.
 23915 | Orc:2    | Found Ydomopu's Distillery.
 23963 | Orc:2    | Found an ancient bone altar of Kikubaaqudgha.
 24264 | Spider:1 | Entered Level 1 of the Spider Nest
 25053 | Spider:1 | Received a gift from Trog
 25080 | Spider:1 | Reached skill level 20 in Axes
 25435 | Spider:2 | Noticed Agnes
 25441 | Spider:2 | Killed Agnes
 25525 | Spider:2 | Noticed Frances
 25526 | Spider:2 | Noticed Arachne
 25668 | Spider:2 | Killed Arachne
 25760 | Spider:2 | HP: 6/232 [sun demon[Frances] (18)]
 25762 | Spider:2 | Killed Frances
 26051 | Spider:2 | Found a transporter.
 26054 | Spider:2 | Noticed pokeman's ghost (adept DEWz)
 26375 | Spider:2 | Found a transporter.
 26635 | Spider:2 | Killed pokeman's ghost
 26651 | Spider:2 | Identified the ring of Lymenn {rC+ EV+4 Int-5 Dex+6}
 26951 | Spider:3 | Received a gift from Trog
 27289 | Spider:3 | Noticed Bai Suzhen
 27303 | Spider:3 | Killed Bai Suzhen
 27518 | Spider:4 | Entered Level 4 of the Spider Nest
 27618 | Spider:4 | Reached skill level 21 in Axes
 28101 | Spider:4 | Reached XP level 17. HP: 163/166 MP: 16/16
 28167 | Spider:4 | Identified the +2 hand axe "Weus" {vorpal, rF++} (Trog
                  | gifted it to you on level 4 of the Spider Nest)
 28167 | Spider:4 | Received a gift from Trog
 28390 | Spider:4 | HP: 9/249 [emperor scorpion (4)]
 28391 | Spider:4 | Slain by an emperor scorpion

Illustrated notes

Levels and vault maps discovered:
D:1:      psy_arrival_radial01, layout_basic, minmay_misc_feat_nine_boxes
D:2:      layout_basic, basic_altar
D:3:      layout_basic, dreamdust_ecumenical_altar_grove, serial_shops,
          nicolae_shop_window_shopping, serial_bayou_pond_e, minmay_misc_feat_x
D:4:      layout_layer_cave, minmay_door_square
D:5:      layout_basic, temple_pool_b
D:6:      layout_cave_pods, uniq_edmund, uniq_menkaure
D:7:      layout_loops_ring, uniq_maggie
D:8:      layout_gridville, lair_entry_dummy, special_room [special_room_orc],
          nicolae_shop_self_help, uniq_harold
D:9:      layout_cave_pools, lemuel_doored_altar, billiards_dpeg
D:10:     layout_loops_corners, david_orc_4, serial_shops, kennysheep_mini_moat
D:11:     layout_basic
D:12:     layout_irregular_city
D:13:     layout_cave_pools, skrybe_vaults_entry_preservation,
          gammafunk_ghost_arena, hangedman_decor_points
D:14:     layout_rooms, enter_trove_5, columned_hall_lemuel,
          kennysheep_generic_room_13
D:15:     gammafunk_enter_depths_forms, layout_basic, old_standard_altar
Lair:1:   layout_loops_ring, hellmonk_guarded_unrand_vines
Lair:2:   nzn_winding_woodlands_large [nzn_winding_woodlands_5x5_cross,
          nzn_winding_woodlands_5x15_default,
          nzn_winding_woodlands_5x5_checkerboard,
          nzn_winding_woodlands_center_lodge,
          nzn_winding_woodlands_15x15_five_gardens,
          nzn_winding_woodlands_center_triple_pond,
          nzn_winding_woodlands_5x5_three,
          nzn_winding_woodlands_5x15_concentric,
          nzn_winding_woodlands_hourglass], layout_layer_cave,
          serial_bayou_shore_a
Lair:3:   layout_chaotic_city, minmay_shoals_entry_beasts,
          spider_nest_entry_funnel_web, uniq_urug
Lair:4:   layout_loops_ring, uniq_nergalle
Lair:5:   layout_gridlike, worms_lemuel
Lair:6:   guppyfry_lair_end_dragon, layout_regular_city, wormcave,
          minmay_slime_entry_pillars
Spider:1: layout_chambers
Spider:2: layout_spider_delve, gammafunk_ghost_arena, guppyfry_spider_mini_3,
          hangedman_spider_tarantella_strand, uniq_frances, uniq_arachne,
          uniq_agnes
Spider:3: cheibrodos_forgotten_conduit, nicolae_spider_bug_shape,
          uniq_bai_suzhen
Spider:4: johnstein_spider_rune_arachne_lair
Orc:1:    layout_caves, enter_bailey_3
Orc:2:    kennysheep_orc_mage_school, layout_diamond_mine, serial_shops, shop,
          nicolae_orc_bridge_out

Skill      XL: |  1  2  3  4  5  6  7  8  9 10 11 12 13 14 15 16 |
---------------+-------------------------------------------------+-----
Axes           | 4 5 6 7 8 9 10 11 13 14 15 16 17 18 19 21 | 21.3
Shields        | 1 4 6 7 9 11 12 14 | 14.0
Armour         | 3 5 8 10 12 13 14 16 17 19 | 19.3
Fighting       | 6 9 11 12 14 15 16 18 | 18.6
Dodging        | 5 7 8 |  8.0

Action                   |  1- 3 |  4- 6 |  7- 9 | 10-12 | 13-15 | 16-18 || total
-------------------------+-------+-------+-------+-------+-------+-------++-------
Melee: Hand axe          |    14 |    33 |   245 |   445 |       |       ||   737
       Headbutt          |     5 |    17 |    62 |   154 |   244 |   121 ||   603
       Short sword       |    44 |    27 |       |       |       |       ||    71
       Whip              |       |    64 |       |       |       |       ||    64
       Broad axe         |       |       |       |    69 |  1059 |   454 ||  1582
Invok: Berserk           |     1 |     1 |     5 |     6 |     4 |     5 ||    22
       Trog's Hand       |       |       |       |     1 |     1 |     1 ||     3
       Brothers in Arms  |       |       |       |       |     2 |     2 ||     4
Evoke: Wand              |       |       |       |       |     2 |     1 ||     3
  Use: Scroll            |       |       |     8 |     7 |    10 |       ||    25
       Potion            |       |       |       |       |       |     3 ||     3
 Stab: Distracted        |       |       |       |       |     1 |     1 ||     2
       Confused          |       |       |       |       |     1 |       ||     1
Armor: Animal skin       |     2 |       |       |       |       |       ||     2
       Chain mail        |    33 |    61 |    19 |       |       |       ||   113
       Ring mail         |     1 |       |       |       |       |       ||     1
       Crystal plate arm |       |       |   136 |   353 |   591 |   399 ||  1479
Dodge: Dodged            |    36 |    45 |    42 |    96 |   222 |   165 ||   606
Block: Buckler           |       |     3 |    56 |    51 |       |       ||   110
       Kite shield       |       |       |       |    90 |   533 |   331 ||   954

Table legend: (Time is in decaauts)
 A = Elapsed time spent in this place.
 B = Non-inter-level travel time spent in this place.
 C = Inter-level travel time spent in this place.
 D = Time resting spent in this place.
 E = Time spent auto-exploring this place.
 F = Levels seen in this place.
 G = Mean time per level.
                   A        B        C        D        E       F      G
               +--------+--------+--------+--------+--------+-----+--------+
         Total |  28070 |  26516 |   1554 |   1932 |  19381 |  28 | 1002.5 |
       Dungeon |  14327 |  13397 |    930 |   1006 |  10291 |  15 |  955.1 |
          Lair |   8165 |   7734 |    431 |    454 |   5778 |   6 | 1360.8 |
   Spider Nest |   4048 |   3942 |    106 |    431 |   2509 |   4 | 1012.0 |
  Orcish Mines |   1315 |   1230 |     85 |      0 |    802 |   2 |  657.5 |
        Bailey |    214 |    214 |      0 |     41 |      0 |   1 |  214.0 |
               +--------+--------+--------+--------+--------+-----+--------+

Top non-repeatable levels by time:
  Lair:2: 2811 daAuts
     D:4: 2025 daAuts
  Lair:3: 1561 daAuts
Spider:1: 1469 daAuts
  Lair:6: 1239 daAuts
    D:15: 1208 daAuts
     D:1: 1195 daAuts
    D:10: 1087 daAuts
     D:8: 1010 daAuts
     D:3: 995 daAuts
     D:6: 953 daAuts
Spider:2: 929 daAuts
  Lair:5: 908 daAuts
Spider:3: 895 daAuts
  Lair:1: 848 daAuts
